 Dungeon Crawl Stone Soup version 0.26.1-11-gd32895ea62 (webtiles) character file.

Game seed: 10539492214536005917

50 H0rd4k the Insei (level 3, -2/23 HPs)
             Began as an Octopode Transmuter on May 5, 2021.
             Slain by a scorpion (7 damage)
             ... on level 1 of the Dungeon.
             The game lasted 00:00:47 (1206 turns).

H0rd4k the Insei (Octopode Transmuter)              Turns: 1206, Time: 00:00:48

Health: -2/23      AC:  1    Str:  9    XL:     3   Next: 79%
Magic:  6/6        EV: 13    Int: 16    God:
Gold:   70         SH:  0    Dex: 12    Spells: 2/6 levels left

rFire    . . .     SeeInvis .     - Unarmed
rCold    . . .     Faith    .   (no shield)
rNeg     . . .     Spirit   .   (helmet restricted)
rPois    .         Reflect  .   (no amulet)
rElec    .         Harm     .   (no ring)
rCorr    .         Rampage  .   (no ring)
Will     .....                  (no ring)
Stlth    ++........             (no ring)
HPRegen  0.07/turn              (no ring)
MPRegen  0.10/turn              (no ring)
                                (no ring)
                                (no ring)

@: lethally poisoned (-2 -> -11)
A: almost no armour, stealthy swim, amphibious, 8 rings, constrict 8, camouflage
1, gelatinous body 1
a: no special abilities


You were on level 1 of the Dungeon.
You visited 1 branch of the dungeon, and saw 2 of its levels.

You collected 70 gold pieces.

Inventory:

Scrolls
 a - 2 scrolls of identify {unknown}
 c - 2 scrolls of amnesia {unknown}
 d - a scroll of remove curse {unknown}
Potions
 b - a potion of heal wounds {unknown}


   Skills:
 + Level 1.0 Fighting
 + Level 2.1 Dodging
 + Level 0.8 Stealth
 + Level 3.8 Unarmed Combat
 * Level 2.3 Spellcasting
 * Level 2.4 Transmutations


You had 2 spell levels left.
You knew the following spells:

 Your Spells              Type           Power        Failure   Level
a - Beastly Appendage     Tmut           18%          8%          1
b - Spider Form           Tmut/Pois      2%           36%         3

Your spell library contained the following spells:

 Spells                   Type           Power        Failure   Level
 Wereblood                Tmut           9%           11%         2
 Ice Form                 Ice/Tmut       5%           77%         4
 Blade Hands              Tmut           4%           90%         5


Dungeon Overview and Level Annotations

Branches:
Dungeon (2/15)

Altars:


Innate Abilities, Weirdness & Mutations

You cannot wear most types of armour.
You are very stealthy in the water. (Stealth+)
You are amphibious.
You can wear up to eight rings at the same time.
You can use your tentacles to constrict eight enemies at once.
Your skin changes colour to match your surroundings (Stealth+).
Your rubbery body absorbs attacks. (AC +1, EV +1)


Message History

The scorpion is moderately wounded.
You constrict the scorpion, but do no damage.
The scorpion stings you!
You tentacle-slap the scorpion but do no damage.
You tentacle-slap the scorpion.
The scorpion is moderately wounded.
You constrict the scorpion. The scorpion stings you!
You are lethally poisoned!
The scorpion poisons you!
You tentacle-slap the scorpion.
The scorpion is severely wounded.
You constrict the scorpion.
* * * LOW HITPOINT WARNING * * *
You feel sick. The scorpion barely misses you.
You tentacle-slap the scorpion. Your squeeze misses the scorpion.
The scorpion is almost dead.
You constrict the scorpion, but do no damage.
* * * LOW HITPOINT WARNING * * *
You feel sick. The scorpion stings you!
You die...

#.#####....##.#.#.###.## #.#
###...####..#.###.# #.#
#..>### ##.....#.## #.#
#.#..## ##......#.#.
#.###.#.#.###...........
#####.##.......#.##.....#...
#.........#.##..###.....#)##
#.....###.#s##.## #.#.###...
#.....# #.#@##.# #.........
#.....# #.#.##.## ###.######
#.....# #.#.....# #.# #
#..)..###.#.##..# #.# #
#.#.#.....#.##..# #[# #
#.....#####.##..### #.# #
#..#....^....#....###.#### #
##.......................# #
##.#####.#.)##.#.###.##.# #


You could see a scorpion.

Vanquished Creatures
  A gnoll (D:1)
  An adder (D:2)
  A dart slug (D:1)
  A leopard gecko (D:1)
  3 bats (D:1)
  2 giant cockroaches (D:1)
  6 goblins
  4 hobgoblins
  A frilled lizard (D:1)
  3 kobolds (D:1)
  5 rats (D:1)
28 creatures vanquished.

Notes
Turn   | Place    | Note
-------+----------+-------------------------------------------
     0 | D:1      | H0rd4k the Octopode Transmuter began the quest for the Orb.
     0 | D:1      | Reached XP level 1. HP: 13/13 MP: 3/3
   310 | D:1      | Reached XP level 2. HP: 18/18 MP: 5/5
   629 | D:1      | Reached XP level 3. HP: 14/23 MP: 6/6
  1156 | D:2      | Noticed a scorpion
  1170 | D:1      | Learned a level 3 spell: Spider Form
  1206 | D:1      | Slain by a scorpion

Illustrated notes

Levels and vault maps discovered:
D:1:      minmay_arrival_radiant_lines, layout_loops_ring
D:2:      minmay_alternating_diamond, layout_rooms,
          chequers_ecumenical_altar_lobes, lemuel_another_geyser

Action                   || total
-------------------------++-------
Melee: Unarmed           ||    69
       Constrict         ||    21
       Tentacles         ||    13
       Punch             ||     1
 Stab: Sleeping          ||     6
Armor: Skin              ||     5
Dodge: Dodged            ||    30
